[Event "January 9 Early 2024"]
[Site "https://www.chess.com"]
[Date "2024.01.11"]
[Round "3"]
[White "Nikulina, Alena"]
[Black "Elissalt Cardenas, Hector"]
[Result "1/2-1/2"]
[Board "277"]
[TimeControl "180+1"]
[WhiteFideId "4172051"]
[BlackFideId "3500632"]
[WhiteElo "2113"]
[BlackElo "2359"]
[WhiteTeam "RUS"]
[BlackTeam "ESP"]
[WhiteClock "0:00:10"]
[BlackClock "0:00:10"]

1. e4 d6 2. d4 Nf6 3. Nc3 e5 4. Bc4 Be7 5. Nf3 Nbd7 6. O-O O-O 7. a4 c6 8. Bg5 h6 9. Bh4 Nh7 10. Bxe7 Qxe7 11. dxe5 dxe5 12. Qe2 a5 13. Qe3 Ng5 14. Nxg5 Qxg5 15. Qxg5 hxg5 16. g3 g4 17. f3 gxf3 18. Rxf3 Nc5 19. b3 Be6 20. Bxe6 Nxe6 21. Ne2 Nc5 22. Nc3 Rad8 23. Rf2 f6 24. Kg2 Rd4 25. Kf3 f5 26. exf5 Rxf5+ 27. Ke3 Rxf2 28. Kxf2 Rd2+ 29. Ne2 Rxc2 30. Rb1 Kf7 31. Ke3 Ke6 32. h4 Ra2 33. Nc3 Ra3 34. Ne4 Rxb3+ 35. Rxb3 Nxb3 36. g4 b5 37. axb5 cxb5 38. Kd3 a4 39. Kc3 Kd5 40. Ng5 e4 41. h5 e3 42. Nf3 Nc5 43. g5 a3 44. h6 gxh6 45. gxh6 Ne4+ 46. Kb3 Nf6 47. Kxa3 Kc4 48. Kb2 b4 49. Ne1 b3 50. Nf3 Kb4 51. Ne5 e2 52. Nd3+ Kc4 53. Ne1 Nh7 54. Nf3 Ng5 55. Ne1 Nh7 56. Nf3 Nf6 57. Ne1 Nh7 1/2-1/2

[Event "January 9 Early 2024"]
[Site "https://www.chess.com"]
[Date "2024.01.11"]
[Round "3"]
[White "Lima, Stefan Moisei VIeira"]
[Black "Martin Fuentes, Alberto"]
[Result "1/2-1/2"]
[Board "278"]
[TimeControl "180+1"]
[WhiteFideId "22782273"]
[BlackFideId "2292289"]
[WhiteElo "2445"]
[BlackElo "2632"]
[WhiteTeam "BRA"]
[BlackTeam "ESP"]
[WhiteClock "0:00:05"]
[BlackClock "0:00:20"]

1. d4 Nf6 2. c4 c5 3. e3 b6 4. Nc3 g6 5. Nf3 Bg7 6. Be2 O-O 7. O-O Bb7 8. Rb1 cxd4 9. Nxd4 Nc6 10. Bf3 Rc8 11. b3 Ba8 12. Ba3 Re8 13. Ncb5 a6 14. Nxc6 Bxc6 15. Nd4 Bxf3 16. Nxf3 d6 17. Qd3 Qc7 18. Rbc1 Qb7 19. Rfd1 Ne4 20. Nd2 Nxd2 21. Qxd2 Rc7 22. Qd5 Rec8 23. Qxb7 Rxb7 24. Kf1 Kf8 25. Ke2 Ke8 26. Rd5 h5 27. e4 Rbc7 28. Rcd1 Rb7 29. Bb4 b5 30. c5 dxc5 31. Rxc5 Rbc7 32. Rxc7 Rxc7 33. Rd2 Bc3 34. Rc2 Be5 35. Rxc7 Bxc7 36. h3 Kd7 37. Ke3 e6 38. g4 Kc6 39. Kd4 Bb6+ 40. Ke5 hxg4 41. hxg4 Kd7 42. f3 Bd8 43. Bd2 Bh4 44. Bf4 Bd8 45. Kd4 Kc6 46. Kc3 Ba5+ 47. Kd4 Bd8 48. Kc3 Bf6+ 49. Kd3 Kc5 50. Bd2 Bd8 51. Be1 Bc7 52. Bd2 a5 53. a4 bxa4 54. bxa4 Bd8 55. Bc3 Bc7 56. Bd2 Bd8 57. Bc3 f5 58. gxf5 exf5 59. exf5 gxf5 60. Bd2 Bc7 61. Bc3 Kd5 62. Bd2 Bd8 63. Bc3 Bb6 64. Bd2 Bd8 65. Bc3 Kc5 66. Be1 Kd5 67. Bc3 1/2-1/2

[Event "January 9 Early 2024"]
[Site "https://www.chess.com"]
[Date "2024.01.11"]
[Round "3"]
[White "Tharushi, T H D Niklesha"]
[Black "Hungaski, Robert"]
[Result "0-1"]
[Board "279"]
[TimeControl "180+1"]
[WhiteFideId "9918264"]
[BlackFideId "2021030"]
[WhiteElo "2249"]
[BlackElo "2429"]
[WhiteTeam "SRI"]
[BlackTeam "USA"]
[WhiteClock "0:00:06"]
[BlackClock "0:00:14"]

1. e4 e5 2. Nf3 Nc6 3. Bc4 Bc5 4. c3 d6 5. d4 exd4 6. cxd4 Bb6 7. Nc3 Nf6 8. Be3 O-O 9. O-O Bg4 10. Be2 Re8 11. h3 Bh5 12. Qd3 Bg6 13. Nd2 d5 14. Bf3 dxe4 15. Ndxe4 Nxe4 16. Bxe4 Nxd4 17. Bxd4 Qxd4 18. Bxg6 hxg6 19. Qf3 c6 20. Rad1 Qf6 21. Qxf6 gxf6 22. Rd7 Rab8 23. Rfd1 Kf8 24. R1d6 Re1+ 25. Kh2 Kg7 26. f3 f5 27. Rd2 Bc5 28. g3 b5 29. Ne2 Re8 30. Nf4 Be3 31. Rc2 Bxf4 32. gxf4 R8e2+ 33. Rxe2 Rxe2+ 34. Kg3 Rxb2 35. Rxa7 c5 36. Rc7 Rc2 37. Rb7 b4 38. Rb5 Kf6 39. h4 Ke6 40. h5 gxh5 41. Kh4 Kd5 42. Kxh5 Rxa2 43. Kg5 Ra7 44. Kxf5 Kc4 45. Rb8 b3 46. Kf6 Kc3 47. Rb5 c4 48. Ke5 b2 49. Kd5 Kc2 50. Kxc4 b1=Q 51. Rxb1 Kxb1 52. Kd5 Re7 53. f5 Kc2 54. Kd6 Re3 55. f4 Kd2 56. f6 Ke2 57. f5 Kf3 58. Kd7 Kf4 59. Kd6 Kxf5 0-1

[Event "January 9 Early 2024"]
[Site "https://www.chess.com"]
[Date "2024.01.11"]
[Round "3"]
[White "Anton Guijarro, David"]
[Black "Zhu, Hengyi"]
[Result "0-1"]
[Board "280"]
[TimeControl "180+1"]
[WhiteFideId "2285525"]
[BlackFideId "8611211"]
[WhiteElo "2986"]
[BlackElo "2792"]
[WhiteTeam "ESP"]
[BlackTeam "CHN"]
[WhiteClock "0:00:02"]
[BlackClock "0:00:18"]

1. Nf3 Nf6 2. b3 e6 3. Bb2 d5 4. c4 c5 5. cxd5 exd5 6. g3 Nc6 7. Bg2 Be7 8. d4 cxd4 9. O-O O-O 10. Nxd4 Bg4 11. Nc3 Rc8 12. h3 Be6 13. Nxe6 fxe6 14. e3 Bd6 15. Rc1 Qe7 16. Ne2 Be5 17. Qd2 Bxb2 18. Qxb2 e5 19. Rfd1 e4 20. Nf4 Rcd8 21. Qc3 Qf7 22. Rc2 d4 23. exd4 g5 24. Ne2 Nd5 25. Qe1 e3 26. Bxd5 Qxd5 27. Nc3 Qf5 28. Re2 Nxd4 29. Rxe3 Nf3+ 30. Rxf3 Qxf3 31. Rxd8 Rxd8 32. Qe6+ Qf7 33. Qe5 h6 34. Ne4 Rf8 35. Kh2 Qf5 36. Qe7 Rf7 37. Qe8+ Kh7 38. b4 b6 39. a3 Qg6 40. Qe5 Qf5 41. Qd4 Re7 42. Nf6+ Kg6 43. Ng8 Re8 44. Qd6+ Qe6 45. Qd3+ Kg7 46. Qc2 Kxg8 47. Kg1 Qe1+ 48. Kh2 Qe6 49. Kg1 Qf6 50. Kg2 Kg7 51. Kg1 Re7 52. Kg2 Qe6 53. Kg1 h5 54. Qc3+ Qe5 55. Qc2 Qe1+ 56. Kh2 h4 57. Qb2+ Qe5 58. Qc1 hxg3+ 59. Kg2 0-1

[Event "January 9 Early 2024"]
[Site "https://www.chess.com"]
[Date "2024.01.11"]
[Round "3"]
[White "Kuzubov, Yuriy"]
[Black "Stojanovski, Sandi"]
[Result "1-0"]
[Board "281"]
[TimeControl "180+1"]
[WhiteFideId "14112906"]
[BlackFideId "1403249"]
[WhiteElo "2852"]
[BlackElo "2557"]
[WhiteTeam "UKR"]
[BlackTeam "DEN"]
[WhiteClock "0:00:06"]
[BlackClock "0:00:01"]

1. d4 Nf6 2. Nf3 d6 3. g3 g6 4. Bg2 Bg7 5. O-O O-O 6. Re1 c5 7. dxc5 dxc5 8. c3 Nc6 9. Na3 Qc7 10. Qc2 Bf5 11. e4 Bg4 12. Bf4 e5 13. Bg5 h6 14. Bxf6 Bxf6 15. Nc4 Rad8 16. Ne3 Be6 17. Bf1 Bg5 18. Nxg5 hxg5 19. Bc4 Bxc4 20. Nxc4 Ne7 21. a4 b6 22. Kg2 Kg7 23. Qb3 Rh8 24. h3 Qc8 25. Rh1 Qe6 26. a5 Qc6 27. Qc2 f6 28. axb6 axb6 29. Ra7 Rd7 30. Rxd7 Qxd7 31. Qd1 Qxd1 32. Rxd1 b5 33. Rd7 bxc4 34. Rxe7+ Kh6 35. Rf7 Rb8 36. Rxf6 Rxb2 37. Re6 Rc2 38. Rxe5 Rxc3 39. Rxc5 Rc1 40. Kf3 Kg7 41. Rxg5 c3 42. Rc5 c2 43. Ke2 Kf6 44. f3 Rg1 45. Rxc2 Rg2+ 46. Kd3 Rxg3 47. Rc6+ Kf7 48. Ke3 Rxh3 49. e5 Rh1 50. Kf4 Re1 51. Rf6+ Kg7 52. Ra6 Kf7 53. Ra7+ Kf8 54. Ra4 Kf7 55. Ra5 Rb1 56. Kg4 Rb4+ 57. Kg5 Rb3 58. Ra7+ Kf8 59. f4 Rb4 60. Ra6 Kf7 61. Rf6+ 1-0

[Event "January 9 Early 2024"]
[Site "https://www.chess.com"]
[Date "2024.01.11"]
[Round "3"]
[White "Senft, Sean"]
[Black "Kravtsiv, Martyn"]
[Result "0-1"]
[Board "282"]
[TimeControl "180+1"]
[WhiteFideId "2044960"]
[BlackFideId "14113147"]
[WhiteElo "2553"]
[BlackElo "2850"]
[WhiteTeam "USA"]
[BlackTeam "UKR"]
[WhiteClock "0:00:06"]
[BlackClock "0:00:03"]

1. d4 d5 2. c4 e6 3. Nc3 Nf6 4. cxd5 exd5 5. Bg5 c6 6. e3 Be7 7. Bd3 Nbd7 8. Qc2 Nh5 9. Bxe7 Qxe7 10. Nge2 g6 11. O-O-O Nb6 12. Kb1 Be6 13. h3 Ng7 14. g4 O-O-O 15. Na4 Nxa4 16. Qxa4 Kb8 17. Rc1 h5 18. gxh5 Rxh5 19. Nf4 Bf5 20. Rc3 Rh4 21. Ra3 b5 22. Qa6 Rd6 23. Rc1 Qb7 24. Qa5 g5 25. Qb4 Rd8 26. Bxf5 gxf4 27. Bg4 f5 28. Be2 Ne6 29. Rac3 fxe3 30. fxe3 c5 31. Qxb5 Qxb5 32. Bxb5 Rxh3 33. dxc5 Kc7 34. Ra3 f4 35. Rxa7+ Kb8 36. Re7 Rxe3 37. Bd7 Nd4 38. c6 Kc7 39. Rxe3 fxe3 40. Re1 e2 41. Bg4 Rf8 42. Kc1 Rf4 43. Bh5 Re4 44. Kd2 Kxc6 45. Bxe2 Kd6 46. Bd1 Rh4 47. a3 Rh2+ 48. Kc1 Kc5 49. Rg1 Kc4 50. Rg8 Kd3 51. Rg3+ Ke4 52. Rc3 Nf5 53. Bc2+ Ke5 54. Bxf5 Kxf5 55. a4 Ke4 56. Rc2 Rh1+ 57. Kd2 d4 58. Rc8 Rh2+ 59. Ke1 Ke3 60. Re8+ Kd3 61. a5 Rxb2 62. a6 Ra2 63. Ra8 Ke3 64. a7 Ra1# 0-1

[Event "January 9 Early 2024"]
[Site "https://www.chess.com"]
[Date "2024.01.11"]
[Round "3"]
[White "Haug, Havard"]
[Black "Benedetti, Julio"]
[Result "1-0"]
[Board "283"]
[TimeControl "180+1"]
[WhiteFideId "1547887"]
[BlackFideId "172545"]
[WhiteElo "2772"]
[BlackElo "2503"]
[WhiteTeam "NOR"]
[BlackTeam "ARG"]
[WhiteClock "0:00:29"]
[BlackClock "0:00:04"]

1. e4 c5 2. c3 d6 3. d4 Nf6 4. Bd3 e6 5. Nf3 Be7 6. O-O Nc6 7. Re1 b6 8. Bb5 Bd7 9. Qa4 Nb8 10. e5 Nd5 11. c4 Nc7 12. exd6 Bxd6 13. dxc5 Nxb5 14. cxd6 Nxd6 15. Qb4 Nf5 16. Bg5 Qc7 17. g4 Nc6 18. Qa3 h6 19. Bd2 Nfe7 20. Nc3 O-O 21. Nb5 Qb8 22. Rad1 Rd8 23. Bc3 Qf4 24. Re3 Qxg4+ 25. Kh1 Qxc4 26. Nd6 Qc5 27. Qxc5 bxc5 28. Nb7 Nd5 29. Nxd8 Rxd8 30. Red3 Be8 31. Kg1 Rb8 32. R3d2 f6 33. Ne1 Bh5 34. f3 c4 35. Kf2 Kf7 36. Nc2 Rb7 37. Rxd5 exd5 38. Rxd5 Bg6 39. Ne3 Ne7 40. Rc5 Bd3 41. h3 g6 42. Ng4 f5 43. Nxh6+ Ke6 44. Re5+ Kd6 45. Nf7+ Kd7 46. Re1 Nc6 47. f4 Rb8 48. Ng5 Re8 49. Rxe8 Kxe8 50. Ke3 Kd7 51. Nf3 Kd6 52. Nh4 Ne7 53. Bb4+ Ke6 54. Bxe7 Kxe7 55. Nxg6+ Kf6 56. Ne5 Bf1 57. h4 Kg7 58. Kd4 Kh6 59. Nxc4 Kh5 60. Ne3 Bh3 61. Ke5 Kxh4 62. Nxf5+ Kg4 63. Nd4 Bf1 64. f5 Bc4 65. f6 Kg5 66. a3 Bf7 67. b4 Kg6 68. Nf5 Be8 69. Nd6 1-0

[Event "January 9 Early 2024"]
[Site "https://www.chess.com"]
[Date "2024.01.11"]
[Round "3"]
[White "Grischuk, Alexander"]
[Black "Hambleton, Aman"]
[Result "1-0"]
[Board "284"]
[TimeControl "180+1"]
[WhiteFideId "4126025"]
[BlackFideId "2606577"]
[WhiteElo "3072"]
[BlackElo "2771"]
[WhiteTeam "RUS"]
[BlackTeam "CAN"]
[WhiteClock "0:00:07"]
[BlackClock "0:00:01"]

1. d4 Nf6 2. c4 e6 3. Bg5 Bb4+ 4. Nd2 h6 5. Bh4 g5 6. Bg3 Ne4 7. Nf3 Nxg3 8. hxg3 b6 9. Qc2 Bb7 10. O-O-O Bf8 11. e3 d6 12. Kb1 Nd7 13. Bd3 Bg7 14. Be4 c6 15. Bd3 Qe7 16. Nh2 O-O-O 17. f4 Kb8 18. Rhe1 h5 19. Ne4 gxf4 20. gxf4 h4 21. Nf3 d5 22. cxd5 cxd5 23. Neg5 Rc8 24. Qe2 f6 25. Nh3 e5 26. Bf5 Rc7 27. Qf2 Bc8 28. Nxh4 Qd6 29. Nf3 e4 30. Nd2 b5 31. Nb3 Nb6 32. Bxc8 Rhxc8 33. Nc5 Na4 34. f5 Nxc5 35. dxc5 Qxc5 36. Nf4 Rd7 37. Ne6 Qd6 38. Re2 Bf8 39. Rc2 Rxc2 40. Qxc2 Be7 41. Qb3 a6 42. a3 Kb7 43. Nf4 Qe5 44. Rxd5 Qc7 45. Rxd7 Qxd7 46. g4 Bd8 47. Qd5+ Qxd5 48. Nxd5 Kc6 49. Nc3 Kd6 50. Nxe4+ Ke5 51. Nc5 Kd5 52. Nxa6 Ke4 53. Kc2 Kxe3 54. Nb4 Kf4 55. Kd3 Kxg4 56. Ke4 Kg5 57. Nc6 Bc7 58. Nd4 b4 59. axb4 Bd6 60. b5 Kh6 61. b6 Bc5 62. b7 Ba7 63. Nc6 1-0

[Event "January 9 Early 2024"]
[Site "https://www.chess.com"]
[Date "2024.01.11"]
[Round "3"]
[White "Urbina Perez, Juan Antonio"]
[Black "Klimkowski, Jan"]
[Result "0-1"]
[Board "285"]
[TimeControl "180+1"]
[WhiteFideId "2217368"]
[BlackFideId "21856222"]
[WhiteElo "2525"]
[BlackElo "2937"]
[WhiteTeam "ESP"]
[BlackTeam "POL"]
[WhiteClock "0:00:11"]
[BlackClock "0:00:19"]

1. d4 Nf6 2. Nf3 d5 3. c4 e6 4. g3 Be7 5. Bg2 O-O 6. O-O dxc4 7. Qc2 a6 8. a4 Bd7 9. Qxc4 Bc6 10. Bg5 Nbd7 11. Nc3 a5 12. Rfd1 h6 13. Bxf6 Nxf6 14. e3 Rc8 15. Rac1 Bb4 16. Ne5 Bxg2 17. Kxg2 c6 18. Nd3 Be7 19. Nc5 Qc7 20. N3e4 Nd5 21. Nc3 Nb4 22. Nd3 Qb6 23. Nxb4 Qxb4 24. Qxb4 Bxb4 25. Ne4 Rfd8 26. Nc5 b6 27. Nd3 Bd6 28. Rc2 Rc7 29. Rdc1 Rdc8 30. e4 Kf8 31. f4 Ke8 32. Kf3 Kd7 33. Ne5+ Bxe5 34. fxe5 c5 35. d5 f6 36. exf6 gxf6 37. dxe6+ Kxe6 38. Rd1 c4 39. Rcd2 Rc6 40. Kf4 Rg8 41. h3 Rg5 42. g4 b5 43. Rd8 b4 44. R1d7 Rg8 45. Rxg8 Kxd7 46. Rg7+ Ke6 47. Rb7 c3 48. bxc3 bxc3 49. Rb1 c2 50. Rc1 Rc3 51. h4 Rc4 52. Ke3 Ke5 53. Kd3 Rd4+ 54. Kxc2 Rc4+ 55. Kd2 Rxc1 56. Kxc1 Kxe4 57. Kd2 Kf4 58. g5 fxg5 59. hxg5 hxg5 60. Ke2 Kg3 61. Kd3 g4 62. Kc4 Kf4 63. Kb5 g3 64. Kxa5 g2 65. Kb6 g1=Q+ 66. Kc6 Qa1 67. Kb5 Qb2+ 68. Kc5 Qa3+ 69. Kb5 Qb3+ 0-1

[Event "January 9 Early 2024"]
[Site "https://www.chess.com"]
[Date "2024.01.11"]
[Round "3"]
[White "Blahynka, Martin"]
[Black "Ambartsumova, Karina"]
[Result "1-0"]
[Board "286"]
[TimeControl "180+1"]
[WhiteFideId "334766"]
[BlackFideId "4166299"]
[WhiteElo "2440"]
[BlackElo "2608"]
[WhiteTeam "CZE"]
[BlackTeam "RUS"]
[WhiteClock "0:00:05"]
[BlackClock "0:00:07"]

1. c4 e5 2. Nc3 f5 3. g3 d6 4. Bg2 Nf6 5. Nf3 Be7 6. O-O O-O 7. d4 e4 8. Ne1 c6 9. d5 Na6 10. f3 exf3 11. Nxf3 Nc5 12. dxc6 bxc6 13. Nd4 Qb6 14. Nxc6 Nce4+ 15. Nd4 Nxc3 16. bxc3 Ne4 17. Qb3 Qc5 18. Ba3 Qe5 19. c5+ Kh8 20. Nc6 Be6 21. Nxe5 Bxb3 22. cxd6 Bf6 23. Nd7 Bc4 24. Nxf8 Rxf8 25. Rxf5 Nxc3 26. d7 Rd8 27. Bc6 Nxe2+ 28. Kh1 Bxa1 29. Be7 Rb8 30. d8=Q+ Rxd8 31. Bxd8 h6 32. Be4 Kg8 33. Be7 g6 34. Bd5+ Kg7 35. Bxc4 gxf5 36. Bxe2 Kf7 37. Bc5 a5 38. Bb5 Bc3 39. Bb6 Ke6 40. Kg2 Ke5 41. Kf3 Kf6 42. Bd8+ Kg6 43. Bc7 Kf6 44. h3 h5 45. h4 Kg6 46. Be8+ Kh6 47. Bf4+ Kg7 48. Bxh5 Kf6 49. Be8 Ke7 50. Bb5 Kf6 51. Bg5+ Kg6 52. Bd8 Kf7 53. Kf4 Kg6 54. Be8+ Kg7 55. Kxf5 Be1 56. Bc7 Kf8 57. Bc6 Bd2 58. g4 Kg7 59. g5 Kh7 60. h5 Bc1 61. Be5 a4 62. Bf4 Kg8 63. Bxc1 a3 64. Bxa3 1-0

[Event "January 9 Early 2024"]
[Site "https://www.chess.com"]
[Date "2024.01.11"]
[Round "3"]
[White "Mammadzada, Gunay"]
[Black "Pogorelskikh, Sofia"]
[Result "1-0"]
[Board "287"]
[TimeControl "180+1"]
[WhiteFideId "13403729"]
[BlackFideId "44164548"]
[WhiteElo "2505"]
[BlackElo "2277"]
[WhiteTeam "AZE"]
[BlackTeam "SRB"]
[WhiteClock "0:00:08"]
[BlackClock "0:00:02"]

1. e4 c5 2. Nf3 Nc6 3. Bb5 e5 4. O-O Bd6 5. c3 a6 6. Ba4 b5 7. Bc2 Nge7 8. d4 cxd4 9. cxd4 Nxd4 10. Nxd4 exd4 11. Qxd4 Qc7 12. h3 O-O 13. Bb3 Be5 14. Qd3 Bb7 15. f4 Bd6 16. Be3 Bc5 17. Nd2 Bxe3+ 18. Qxe3 d5 19. e5 Nf5 20. Qf2 d4 21. Rac1 Qd7 22. Nf3 Ne3 23. Rfe1 Bxf3 24. Qxf3 Rac8 25. Qe4 Rxc1 26. Rxc1 g6 27. Kf2 Kg7 28. Rc6 Rd8 29. Rd6 Qc7 30. Qxd4 Nf5 31. Qb6 Qxb6+ 32. Rxb6 Rd2+ 33. Kf3 Nd4+ 34. Ke4 Nxb3 35. axb3 Rxb2 36. Rxa6 Rxb3 37. Kd5 Rd3+ 38. Kc5 Rd2 39. g4 Rf2 40. Ra7 Rxf4 41. e6 Kf8 42. e7+ Ke8 43. Kd6 Rd4+ 44. Ke5 Rd7 45. Ra5 Kxe7 46. Rxb5 f6+ 47. Kf4 Rd4+ 48. Ke3 Rd7 49. Rb6 g5 50. Ke4 h6 51. Ra6 Kf7 52. Ra8 Kg6 53. Rg8+ Rg7 54. Re8 Re7+ 55. Rxe7 f5+ 56. gxf5+ Kf6 57. Re6+ Kf7 58. Rxh6 1-0

[Event "January 9 Early 2024"]
[Site "https://www.chess.com"]
[Date "2024.01.11"]
[Round "3"]
[White "Kraiouchkine, Nikita"]
[Black "Malikova, Marjona"]
[Result "1-0"]
[Board "288"]
[TimeControl "180+1"]
[WhiteFideId "2607140"]
[BlackFideId "14212463"]
[WhiteElo "2625"]
[BlackElo "2294"]
[WhiteTeam "CAN"]
[BlackTeam "UZB"]
[WhiteClock "0:00:07"]
[BlackClock "0:00:15"]

1. e4 c6 2. d4 d5 3. Nc3 dxe4 4. Nxe4 Bf5 5. Ng3 Bg6 6. h4 h6 7. Nf3 Nd7 8. h5 Bh7 9. Bd3 Bxd3 10. Qxd3 e6 11. Bf4 Qa5+ 12. Bd2 Bb4 13. c3 Be7 14. c4 Qc7 15. O-O-O Ngf6 16. Kb1 O-O 17. Ne4 Nxe4 18. Qxe4 Nf6 19. Qe2 b5 20. Ne5 bxc4 21. Qxc4 c5 22. Nd3 Rfc8 23. Rc1 Ne4 24. Be3 Bg5 25. Bxg5 hxg5 26. Rc2 Qa5 27. Rd1 cxd4 28. Qxc8+ Rxc8 29. Rxc8+ Kh7 30. Rc2 Qb5 31. Ka1 e5 32. f3 Nd6 33. Rc5 Qa4 34. b3 Qa3 35. Rxe5 a5 36. Rxg5 a4 37. Ra5 Nf5 38. Rxa4 Qd6 39. Rc1 Ne3 40. Kb2 Nxg2 41. Rac4 Ne3 42. Rc5 Qh2+ 43. Ka3 Qd2 44. Nb4 d3 45. R5c3 Nc2+ 46. R3xc2 dxc2 47. Rxc2 Qd6 48. Ka4 Qf4 49. Rc4 Qxf3 50. Kb5 Qxh5+ 51. Rc5 Qd1 52. a4 Qxb3 53. a5 f5 54. a6 f4 55. a7 Qa3 56. Na6 Qd3+ 57. Kb6 Qd8+ 58. Kb7 f3 59. a8=Q Qxa8+ 60. Kxa8 Kg6 61. Nb4 f2 62. Rc1 Kf5 63. Nd3 Ke4 64. Nxf2+ Kf3 65. Nh3 Kg3 66. Rg1+ Kxh3 67. Rxg7 1-0

[Event "January 9 Early 2024"]
[Site "https://www.chess.com"]
[Date "2024.01.11"]
[Round "3"]
[White "Krstulovic, Alex"]
[Black "Maksimovic, Bojan"]
[Result "0-1"]
[Board "289"]
[TimeControl "180+1"]
[WhiteFideId "760056"]
[BlackFideId "14408120"]
[WhiteElo "2675"]
[BlackElo "2911"]
[WhiteTeam "HUN"]
[BlackTeam "BIH"]
[WhiteClock "0:00:08"]
[BlackClock "0:00:05"]

1. d4 Nf6 2. Nf3 d6 3. c4 g6 4. Nc3 Bg7 5. e4 O-O 6. Be2 Nbd7 7. O-O e5 8. Qc2 c6 9. d5 c5 10. Bg5 h6 11. Bd2 Nh7 12. g3 Kh8 13. Rab1 h5 14. b4 b6 15. bxc5 Nxc5 16. a4 Bd7 17. Rb2 Bf6 18. Ra1 Ng5 19. Nxg5 Bxg5 20. Bxg5 Qxg5 21. h4 Qd8 22. Qd2 Kg7 23. Bf3 Qc7 24. a5 bxa5 25. Nb5 Bxb5 26. Rxb5 a4 27. Bxh5 Nb3 28. Rxb3 axb3 29. Be2 Rab8 30. h5 Qb6 31. Qg5 Qd8 32. Qd2 b2 33. Rb1 Qb6 34. Qg5 Qd8 35. Qd2 Qb6 36. Qg5 Rb7 37. Kg2 Qd8 38. Qd2 Qf6 39. Rxb2 Rxb2 40. Qxb2 gxh5 41. Qa3 h4 42. gxh4 Qxh4 43. Qxa7 Qg5+ 44. Kf1 Rh8 45. Bf3 Qf4 46. Qa3 Rh2 47. Bg2 Rh6 48. Qc3 Qg4 49. f3 Qg3 50. Qb2 Rg6 51. Qf2 Qf4 52. Qe1 Rh6 53. Kg1 Rh8 54. c5 dxc5 55. Qf2 Qc1+ 56. Bf1 Qg5+ 57. Bg2 Qc1+ 58. Bf1 Kf6 59. d6 Rg8+ 60. Kh1 Qh6+ 61. Qh2 Qxh2+ 62. Kxh2 Ke6 63. d7 Kxd7 64. Bh3+ Kd6 65. Bf5 f6 0-1

[Event "January 9 Early 2024"]
[Site "https://www.chess.com"]
[Date "2024.01.11"]
[Round "3"]
[White "Gokerkan, Cem Kaan"]
[Black "Erzhanov, Arman"]
[Result "0-1"]
[Board "290"]
[TimeControl "180+1"]
[WhiteFideId "6336760"]
[BlackFideId "4138821"]
[WhiteElo "2821"]
[BlackElo "2531"]
[WhiteTeam "TUR"]
[BlackTeam "KAZ"]
[WhiteClock "0:00:22"]
[BlackClock "0:00:14"]

1. e4 d6 2. d4 Nf6 3. Nc3 c6 4. f4 d5 5. e5 Ng8 6. Nf3 h5 7. h3 g6 8. Be3 Nh6 9. Qd2 Bf5 10. O-O-O e6 11. Ne2 h4 12. Kb1 Be7 13. Bf2 Be4 14. Qc3 Bxf3 15. Qxf3 Nf5 16. Nc1 Nd7 17. Bd3 Qb6 18. c4 dxc4 19. d5 Bc5 20. dxe6 fxe6 21. Bxc5 Qxc5 22. Bxf5 gxf5 23. Rd6 O-O-O 24. Rxe6 Nb6 25. Rd1 Rxd1 26. Qxd1 Nd5 27. Ne2 Rd8 28. Qc1 c3 29. Rd6 Rxd6 30. exd6 Qxd6 31. bxc3 Qe6 32. Nd4 Qe4+ 33. Ka1 Nxf4 34. Qf1 Nxg2 35. Nxf5 Kc7 36. Nd4 Qe1+ 37. Qxe1 Nxe1 38. Nf5 Nf3 39. Kb2 Kd7 40. Kc2 Ke6 41. Ng7+ Ke5 42. Kd3 Ng1 43. Ke3 Nxh3 44. Kf3 Nf4 45. Ne8 Nd5 46. Nc7 Nxc7 47. Kg4 Nd5 48. Kxh4 Nxc3 49. a3 Nb5 50. Kg3 Nd6 51. a4 Kd4 52. Kf3 Kc4 53. Kf4 Kb4 54. Ke5 Kxa4 55. Kd4 b5 56. Kc3 b4+ 57. Kb2 b3 58. Kb1 Kb4 59. Ka1 c5 60. Kb1 c4 61. Kb2 c3+ 62. Kb1 c2+ 63. Kc1 Kc4 64. Kb2 Kd3 65. Ka3 Kd2 66. Kb4 c1=Q 67. Ka5 b2 68. Ka6 b1=Q 69. Ka5 Qa3# 0-1

[Event "January 9 Early 2024"]
[Site "https://www.chess.com"]
[Date "2024.01.11"]
[Round "3"]
[White "Dushyant Sharma"]
[Black "Novozhilov, Semen"]
[Result "1-0"]
[Board "291"]
[TimeControl "180+1"]
[WhiteFideId "25065130"]
[BlackFideId "24289167"]
[WhiteElo "2511"]
[BlackElo "2694"]
[WhiteTeam "IND"]
[BlackTeam "RUS"]
[WhiteClock "0:00:03"]
[BlackClock "0:00:03"]

1. e4 c5 2. Nf3 Nc6 3. d4 cxd4 4. Nxd4 Nf6 5. Nc3 d6 6. f4 g6 7. Nf3 Bg7 8. Bd3 O-O 9. O-O a6 10. a4 Qa5 11. Kh1 Nb4 12. Qe1 Nxd3 13. cxd3 Qb4 14. Rb1 Bg4 15. Bd2 Qc5 16. Rc1 Bxf3 17. Rxf3 Qd4 18. Qh4 h5 19. f5 Ng4 20. h3 Ne5 21. Rg3 Nxd3 22. Be3 Qe5 23. Rd1 Nxb2 24. Bd4 Bf6 25. Rg5 Bxg5 26. Qxg5 Qa5 27. Nd5 Rae8 28. fxg6 e5 29. gxf7+ Kxf7 30. Rf1+ Ke6 31. Rxf8 Qe1+ 32. Kh2 Qxe4 33. Rxe8+ Kxd5 34. Bxb2 Qxa4 35. Bxe5 Qxe8 36. Bg3+ Kc6 37. Qf6 Qd7 38. Qc3+ Kb5 39. Qd3+ Kc6 40. Qf3+ d5 41. Qxh5 a5 42. Qg6+ Kb5 43. Qb1+ Ka6 44. Bf2 d4 45. Qd3+ b5 46. Qxd4 Qc7+ 47. g3 b4 48. Qd3+ Kb7 49. h4 Qc6 50. h5 a4 51. Qh7+ Ka6 52. Qg6 1-0

[Event "January 9 Early 2024"]
[Site "https://www.chess.com"]
[Date "2024.01.11"]
[Round "3"]
[White "Ryan, Joseph"]
[Black "Aashman Gupta"]
[Result "1/2-1/2"]
[Board "292"]
[TimeControl "180+1"]
[WhiteFideId "2500426"]
[BlackFideId "45022500"]
[WhiteElo "2234"]
[BlackElo "2482"]
[WhiteTeam "IRL"]
[BlackTeam "IND"]
[WhiteClock "0:00:34"]
[BlackClock "0:00:08"]

1. e4 g6 2. d4 Bg7 3. Nc3 d6 4. Nf3 Bg4 5. Bc4 e6 6. Be2 Ne7 7. h3 Bxf3 8. Bxf3 O-O 9. Be3 e5 10. dxe5 Bxe5 11. h4 Nbc6 12. h5 Bg7 13. Be2 Nc8 14. Bc4 Nb6 15. Bb3 Na5 16. hxg6 hxg6 17. Qg4 Nxb3 18. axb3 Re8 19. O-O-O a5 20. Qh3 a4 21. Qh7+ Kf8 22. Bh6 Bxh6+ 23. Qxh6+ Ke7 24. Nd5+ Nxd5 25. exd5 Kd7 26. Qh3+ f5 27. bxa4 Qf6 28. Rde1 Rxa4 29. Qh7+ Re7 30. Rxe7+ Qxe7 31. Qxe7+ Kxe7 32. Rh7+ Kf6 33. Rxc7 Rb4 34. g3 Ke5 35. c4 Kd4 36. Rg7 Rxc4+ 37. Kd2 Kxd5 38. Rxg6 b5 39. Rf6 Ke5 40. Rf8 Rd4+ 41. Kc2 Rc4+ 42. Kd3 Rd4+ 43. Kc2 Re4 44. Kd3 Rb4 45. Re8+ Kf6 46. Kc3 Rc4+ 47. Kd3 Rc5 48. Rd8 Ke5 49. f4+ Ke6 50. Re8+ Kf7 51. Rh8 Ke6 52. Rf8 Rd5+ 53. Kc3 Rd1 54. Re8+ Kf7 55. Rd8 Rg1 56. Rxd6 Rxg3+ 57. Kd4 Rb3 58. Ke5 Rxb2 59. Kxf5 Ke7 60. Rb6 b4 61. Rb7+ Kd6 62. Kf6 Kc5 63. f5 Rf2 64. Kg6 Kc4 65. f6 b3 66. f7 Kc3 67. Kg7 b2 68. f8=Q Rxf8 69. Kxf8 Kc2 70. Rxb2+ Kxb2 1/2-1/2

[Event "January 9 Early 2024"]
[Site "https://www.chess.com"]
[Date "2024.01.11"]
[Round "3"]
[White "Gopal, K.N."]
[Black "Spichkin, Alexander"]
[Result "1-0"]
[Board "293"]
[TimeControl "180+1"]
[WhiteFideId "5001447"]
[BlackFideId "4144074"]
[WhiteElo "2221"]
[BlackElo "2390"]
[WhiteTeam "IND"]
[BlackTeam "RUS"]
[WhiteClock "0:00:06"]
[BlackClock "0:00:50"]

1. c4 f5 2. Nc3 Nf6 3. d4 e6 4. e3 Bb4 5. Bd3 b6 6. Ne2 Bb7 7. O-O O-O 8. a3 Bxc3 9. Nxc3 Qe8 10. d5 Qg6 11. f3 exd5 12. cxd5 d6 13. e4 fxe4 14. fxe4 Qg4 15. Be2 Qg6 16. Bd3 Qe8 17. Bf4 Nbd7 18. Qe2 Ne5 19. Bb5 Qg6 20. Rae1 a6 21. Bxe5 axb5 22. Bxf6 Rxf6 23. Rxf6 Qxf6 24. Nxb5 Ba6 25. a4 Bxb5 26. axb5 Qd4+ 27. Kh1 Rf8 28. h3 Rf2 29. Qh5 g6 30. Qg4 Qxb2 31. Qc8+ Rf8 32. Qxc7 Qb4 33. Rc1 Rf4 34. Qd8+ Kg7 35. Qe7+ Kh6 36. Rc7 Qxe4 37. Qxh7+ Kg5 38. Qe7+ Qxe7 39. Rxe7 Rd4 40. Rb7 Rxd5 41. Rxb6 Kf4 42. Kh2 g5 43. Rb8 Ke5 44. b6 Rb5 45. b7 Kd5 46. Kg3 Rb4 47. Kf3 Kc6 48. Rg8 Rxb7 49. Rxg5 d5 50. h4 Kc5 51. h5 Kd4 52. g4 Rf7+ 53. Ke2 Ke4 54. h6 d4 55. Rg6 d3+ 56. Kd2 Rf2+ 57. Ke1 Rh2 58. g5 Ke3 59. Re6+ Kf4 60. Rg6 Ke4 61. Rg7 Ke3 62. Re7+ Kd4 63. h7 Kc3 64. Rc7+ Kd4 65. g6 Rh1+ 66. Kf2 Rh6 67. Rd7+ Ke4 68. Rxd3 Rxg6 69. Rd8 Rf6+ 70. Ke2 Rh6 71. h8=Q 1-0